 Dungeon Crawl Stone Soup version 0.17.1-3-g152610e (webtiles) character file.

6223 sohrab the Cleaver (level 10, -2/71 HPs)
             Began as a Hill Orc Fighter on Apr 4, 2016.
             Was a Believer of Okawaru.
             Slain by a hill giant
             ... wielding a cursed -1 giant spiked club
              (16 damage)
             ... on level 10 of the Dungeon.
             The game lasted 00:19:57 (11304 turns).

sohrab the Cleaver (Hill Orc Fighter)              Turns: 11304, Time: 00:19:58

Health: -2/71      AC: 12    Str: 23    XL:     10   Next: 92%
Magic:  10/10      EV:  9    Int:  8    God:    Okawaru [**....]
Gold:   557        SH: 17    Dex: 10    Spells: 0 memorised, 9 levels left

rFire  + . .     SeeInvis .     a - +1 war axe
rCold  . . .     Clarity  .     b - +0 scale mail
rNeg   . . .     SustAt   .     k - +0 large shield
rPois  .         Gourm    .     (helmet restricted)
rElec  .         Spirit   .     s - +0 cloak {+Inv}
rCorr  .         Warding  .     l - +0 pair of gloves
rMut   .         Stasis   .     o - +0 pair of boots
MR     +....                    (no amulet)
Stlth  ..........               i - ring of protection from magic
                                d - ring of protection from fire

@: somewhat resistant to hostile enchantments, extremely unstealthy
A: antennae 1, blurry vision 1, frail 2, subdued magic 1, MP-powered wands
a: Heroism, Renounce Religion, Evoke Invisibility


You were on level 10 of the Dungeon.
You worshipped Okawaru.
Okawaru was pleased with you.
You were hungry.

You visited 2 branches of the dungeon, and saw 12 of its levels.
You also visited: Sewer and Ossuary.

You collected 557 gold pieces.

Inventory:

Hand Weapons
 a - a +1 war axe (weapon)
Armour
 b - a +0 scale mail (worn)
 c - a +0 shield
 k - a +0 large shield (worn)
 l - a +0 pair of gloves (worn)
 o - a +0 pair of boots (worn)
 s - a +0 cloak of invisibility (worn)
Jewellery
 d - a ring of protection from fire (left hand)
 i - a ring of protection from magic (right hand)
Wands
 j - a wand of draining (13)
 u - a wand of digging (19)
 v - a wand of paralysis (3)
 x - a wand of random effects (33)
 y - a wand of slowing (18)
Scrolls
 f - 2 scrolls of recharging
 g - 3 scrolls of identify
 m - 2 scrolls of fear
 q - 3 scrolls of remove curse
Potions
 n - 5 potions of haste
 r - a potion of brilliance
 t - a potion of flight
 w - 4 potions of curing
 A - 2 potions of might
 B - a potion of invisibility
Comestibles
 e - 7 bread rations
 h - 4 meat rations


   Skills:
 + Level 8.3 Fighting
 + Level 10.3 Axes
 + Level 8.3 Armour
 + Level 4.9 Dodging
 + Level 1.0 Stealth
 + Level 10.1 Shields


You had 9 spell levels left.
You didn't know any spells.

Dungeon Overview and Level Annotations

Branches:
Dungeon (11/15)            Temple (1/1) D:6
   Lair: D:8-11         Orc: D:9-12

Altars:
Ashenzari
Dithmenos
Elyvilon
Gozag
Kikubaaqudgha
Nemelex Xobeh
Okawaru
Qazlal
Ru
Sif Muna
Trog
Vehumet
Xom
Zin
The Shining One

Shops:
D:6 [


Innate Abilities, Weirdness & Mutations

You have a pair of small antennae on your head.
Scrolls take you a little longer to read.
You are very frail (-20% HP).
Your spells are a little easier to cast, but a little less powerful.
You expend magic power (3 MP) to strengthen your wands.


Message History

The hill giant is almost dead.
The hill giant hits you with a giant spiked club!!
* * * LOW HITPOINT WARNING * * *
You are too injured to fight recklessly!
You hit the hill giant but do no damage.
The hill giant is almost dead.
The hill giant hits you with a giant spiked club!
* * * LOW HITPOINT WARNING * * *
You hit the hill giant but do no damage.
The hill giant is almost dead.
Drink which item? (? for menu, Esc to quit)
You feel much better.
You are feeling hungry.
The hill giant hits you with a giant spiked club!
* * * LOW HITPOINT WARNING * * *
You slash the hill giant!
The hill giant is almost dead.
You hear a distant slurping noise.
The hill giant hits you with a giant spiked club!
You die...

##[.#.#.#
#....#.#####
##.#.#.....#
#.#.#####.#####
#......C......#
##..###...###.#
#....#.#####.#
##.#C#.#..C#C#
#>#.#.#.#@#.#
#.#.#.#C###)#
########.#.#.#.....#
....#....#.#.#######
....######.#
..).)))..).#
...(########
..)))....#
.........#


You could see a hill giant.

Vanquished Creatures
  The ghost of SaintRoka the Protected, a novice DDWn of Makhleb (D:8)
  Pikel (D:4)
  Sigmund (D:6)
  Eustachio (D:6)
  A deep elf mage (D:10)
  6 yaks (D:9)
  2 wyverns
  A water moccasin (D:5)
  4 sky beasts
  2 ice beasts
  5 ogres
  2 orc warriors
  2 centaurs
  A big kobold (Sewer)
  2 giant frogs
  2 gnoll sergeants
  A scorpion (D:8)
  A water moccasin zombie (D:10)
  8 wights
  A centaur zombie (Ossuary)
  A gnoll shaman (D:10)
  2 crimson imps
  2 giant frog zombies (D:9)
  3 orc priests
  An orc wizard (D:9)
  2 giant frog skeletons
  3 hounds
  2 jellies
  Crazy Yiuf (D:7)
  2 iguanas
  4 worker ants
  A big kobold zombie (Ossuary)
  A hound zombie (D:7)
  2 hound skeletons
  2 worker ant zombies
  5 mummies (Ossuary)
  14 adders
  28 gnolls
  2 river rats (Sewer)
  2 shadow imps
  5 oozes
  An adder skeleton (D:5)
  An adder zombie (D:8)
  3 worms
  11 giant geckos
  11 orcs
  3 ball pythons
  7 giant cockroaches
  8 goblins
  5 hobgoblins
  5 jackals (D:2)
  8 kobolds
  4 quokkas
  9 bats
  2 giant cockroach zombies
  A giant gecko skeleton (D:4)
  A giant gecko zombie (D:7)
  9 giant newts
  A gnoll zombie (Ossuary)
  A hobgoblin zombie (Ossuary)
  2 kobold zombies (Ossuary)
  An orc zombie (Ossuary)
  A quokka skeleton (D:8)
  2 quokka zombies
  14 rats
241 creatures vanquished.

Vanquished Creatures (others)
  A giant gecko (D:4)
  3 fungi (D:7)
  A plant (D:4)
5 creatures vanquished.

Grand Total: 246 creatures vanquished

Notes
Turn   | Place    | Note
--------------------------------------------------------------
     0 | D:1      | sohrab the Hill Orc Fighter began the quest for the Orb.
     0 | D:1      | Reached XP level 1. HP: 19/19 MP: 1/1
    91 | D:1      | Reached XP level 2. HP: 5/27 MP: 2/2
  1147 | D:2      | Reached skill level 4 in Fighting
  1147 | D:2      | Reached XP level 3. HP: 28/33 MP: 3/3
  1223 | D:2      | Reached skill level 1 in Dodging
  1225 | D:2      | Reached XP level 4. HP: 26/40 MP: 4/4
  1939 | D:3      | Reached XP level 5. HP: 46/46 MP: 5/5
  2052 | D:4      | Noticed an ogre
  2064 | D:4      | Killed an ogre
  2081 | D:3      | Reached XP level 6. HP: 43/53 MP: 6/6
  2133 | D:3      | Found a glowing drain.
  2142 | Sewer    | Entered a sewer
  2231 | Sewer    | Reached skill level 5 in Armour
  2231 | Sewer    | Reached skill level 5 in Shields
  2231 | Sewer    | Reached XP level 7. HP: 21/60 MP: 7/7
  2549 | D:3      | Noticed a gnoll sergeant
  2583 | D:4      | Reached skill level 5 in Fighting
  3419 | D:4      | Gained mutation: Your spells are a little easier to cast, but a little less powerful. [potion of mutation]
  3419 | D:4      | Gained mutation: Scrolls take you a little longer to read. [potion of mutation]
  3419 | D:4      | Gained mutation: You are frail (-10% HP). [potion of mutation]
  3490 | D:4      | Noticed a slave
  3490 | D:4      | Noticed a slave
  3491 | D:4      | Noticed Pikel
  3494 | D:4      | Noticed a slave
  3513 | D:4      | Killed Pikel
  3513 | D:4      | Reached skill level 5 in Axes
  3513 | D:4      | Reached skill level 6 in Armour
  3513 | D:4      | Reached XP level 8. HP: 32/62 MP: 8/8
  3550 | D:4      | Noticed a freed slave
  3662 | D:4      | Noticed an ogre
  3672 | D:4      | Killed an ogre
  3809 | D:5      | Entered Level 5 of the Dungeon
  3951 | D:3      | Killed a gnoll sergeant
  4921 | D:5      | Reached skill level 7 in Shields
  5629 | D:5      | Reached XP level 9. HP: 63/67 MP: 9/9
  5745 | D:6      | Found a staircase to the Ecumenical Temple.
  5819 | D:6      | Noticed Sigmund
  5845 | D:6      | Killed Sigmund
  6184 | D:6      | Noticed Eustachio
  6221 | D:6      | Killed Eustachio
  6377 | D:6      | Found Moxtur's Armour Shoppe.
  6805 | Temple   | Entered the Ecumenical Temple
  6834 | Temple   | Became a worshipper of Warmaster Okawaru
  6948 | D:7      | Found a sand-covered staircase.
  6954 | Ossuary  | Entered an ossuary
  7222 | Ossuary  | Reached skill level 8 in Axes
  7381 | D:7      | Identified a scroll of acquirement
  7389 | D:7      | Gained mutation: You are very frail (-20% HP). [potion of mutation]
  7389 | D:7      | Gained mutation: You expend magic power (3 MP) to strengthen your wands. [potion of mutation]
  7389 | D:7      | Gained mutation: You have a pair of small antennae on your head. [potion of mutation]
  8181 | D:7      | Noticed Crazy Yiuf
  8316 | D:7      | Killed Crazy Yiuf
  8395 | D:8      | Found a deep blue altar of Sif Muna.
  8868 | D:8      | Found a glowing silver altar of Zin.
  8888 | D:8      | Reached XP level 10. HP: 26/68 MP: 10/10
  8899 | D:8      | Noticed SaintRoka's ghost (novice DDWn)
  9105 | D:8      | Reached * piety under Okawaru
  9107 | D:8      | Killed SaintRoka's ghost
  9107 | D:8      | Reached skill level 9 in Axes
  9523 | D:9      | Reached skill level 1 in Stealth
 10315 | D:10     | Entered Level 10 of the Dungeon
 10622 | D:9      | Reached ** piety under Okawaru
 10637 | D:9      | Reached skill level 10 in Axes
 10877 | D:10     | Reached skill level 10 in Shields
 10908 | D:10     | Noticed a hill giant
 11304 | D:10     | Slain by a hill giant

Action                   |  1- 3 |  4- 6 |  7- 9 | 10-12 || total
-------------------------+-------+-------+-------+-------++-------
Melee: War axe           |    88 |   148 |   563 |   229 ||  1028
Evoke: Wand              |       |       |       |     3 ||     3
  Use: Potion            |     1 |       |    16 |     1 ||    18
       Scroll            |       |       |    11 |     4 ||    15
  Eat: Chunk             |     1 |       |     9 |     5 ||    15
       Fruit             |       |     5 |       |       ||     5
       Bread ration      |       |       |     2 |       ||     2
       Beef jerky        |       |       |     1 |     1 ||     2
       Meat ration       |       |       |     1 |       ||     1
